 Dungeon Crawl Stone Soup version 0.29-a0-322-g68df515428 (webtiles) character file.

Game seed: 7907514395157744829

832 kae the Firebug (level 7, -2/40 HPs)
             Began as a Tengu Fire Elementalist on Apr 7, 2022.
             Slain by an ogre
             ... wielding a +0 giant spiked club
              (17 damage)
             ... on level 5 of the Dungeon.
             The game lasted 00:04:32 (7145 turns).

kae the Firebug (Tengu Fire Elementalist)           Turns: 7145, Time: 00:04:32

Health: -2/40      AC:  3    Str:  8    XL:     7   Next: 98%
Magic:  13/13      EV: 16    Int: 18    God:
Gold:   216        SH:  0    Dex: 14    Spells: 6/12 levels left

rFire   . . .      SeeInvis .   h - staff of cold
rCold   + . .      Faith    .   (no shield)
rNeg    . . .      Spirit   .   a - +1 robe
rPois   .          Reflect  .   (helmet restricted)
rElec   .          Harm     .   (no cloak)
rCorr   .          Rampage  .   (no gloves)
Will    .....                   (boots unavailable)
Stlth   ++........              (no amulet)
HPRegen 0.13/turn               (no ring)
MPRegen 0.13/turn               (no ring)

@: flying quickly and evasively, quick
A: beak, talons 3, nimble flight
a: no special abilities


You were on level 5 of the Dungeon.
You visited 1 branch of the dungeon, and saw 5 of its levels.

You collected 216 gold pieces.

Inventory:

Hand Weapons
 c - a +0 dagger
Missiles
 q - a throwing net
Armour
 a - a +1 robe (worn)
Magical Staves
 h - a staff of cold (weapon)
Wands
 o - a wand of paralysis (6)
Scrolls
 d - a scroll of blinking
 g - 3 scrolls of identify
 i - a scroll of holy word
 l - a scroll of teleportation
Potions
 b - a potion of magic
 e - a potion of might
 f - a potion of cancellation
 j - a potion of heal wounds
 k - a potion of flight {unknown}
 m - a potion of lignification
 n - 3 potions of curing
 r - a potion of berserk rage
 s - a potion of mutation


   Skills:
 + Level 2.9 Fighting
 + Level 2.7 Staves
 + Level 3.2 Armour
 + Level 3.9 Dodging
 - Level 2.0 Stealth
 + Level 3.4 Spellcasting
 + Level 4.2 Conjurations
 + Level 4.6 Fire Magic
 + Level 2.5 Evocations


You had 6 spell levels left.
You knew the following spells:

 Your Spells              Type           Power      Damage    Failure   Level
a - Foxfire               Conj/Fire      72%        2x1d7     2%          1
b - Scorch                Fire           38%        2d6       3%          2
c - Conjure Flame         Conj/Fire      18%        6-21      8%          3

Your spell library contained the following spells:

 Spells                   Type           Power      Damage    Failure   Level
 Animate Skeleton         Necr           6%         N/A       16%         1
 Apportation              Tloc           6%         N/A       16%         1
 Pain                     Necr           12%        1d4       16%         1
 Summon Small Mammal      Summ           12%        N/A       16%         1
 Inner Flame              Hex/Fire       11%        N/A       19%         3
 Flame Wave               Conj/Fire      18%        2d6       26%         4
 Vampiric Draining        Necr           3%         2d6       43%         3
 Summon Lightning Spire   Summ/Air       3%         N/A       83%         4
 Summon Cactus Giant      Summ           1%         N/A       100%        6
 Storm Form               Tmut/Air       1%         N/A       100%        7
 Maxwell's Capacitive Co  Air            1%         ∞         100%        8


Dungeon Overview and Level Annotations

Branches:
Dungeon (5/15)
 Temple: D:4-7

Altars:
Dithmenos
Okawaru
Yredelemnul

Annotations:
D:3 Grinder
D:5 Blork the orc


Innate Abilities, Weirdness & Mutations

You have a beak for a mouth.
You have claws for feet.
Your magical nature lets you fly swiftly and evasively.


Message History

You miscast Conjure Flame.
You are very lightly contaminated with residual magic.
Nothing appears to happen.
Your magical contamination has completely faded away.
Casting: Conjure Flame (dangerous; 8% risk of failure)
Confirm with . or Enter, or press ? or * to list all spells.
You conjure some foxfire!
The foxfire hits the jelly!
The jelly is heavily wounded.
The foxfire hits the jelly.
The jelly is severely wounded.
Casting: Foxfire (safe; 2% risk of failure)
Confirm with . or Enter, or press ? or * to list all spells.
You conjure some foxfire!
The foxfire hits the jelly.
The jelly is severely wounded.
The foxfire hits the jelly!
You kill the jelly!
Casting: Foxfire (safe; 2% risk of failure)
Confirm with . or Enter, or press ? or * to list all spells.
You conjure some foxfire!
Your foxfire dissipates! x2
Magic restored.
Key pressed, stopping explore.
HP restored.
Done exploring.
Done exploring.
(D) Dungeon
Where to? (Enter - D:4 @ (x,y), ? - help)
There is a stone staircase leading down here.
You fly downwards.
Level annotation: Blork the orc The orc hits you with a +0 club.
The ogre hits you with a +0 giant spiked club!!
Ouch! That really hurt!
There is a stone staircase leading up, spattered with blood here.
There are monsters nearby!
The orc barely misses you.
The ogre hits you with a +0 giant spiked club!
You die...

..........#.....##..
...................# #
....................†.
....(......#.......#...
..........##.......##...
..........#........# ...
. ...#.............. ...
#..o...........#
....l#..@.......
.......O........
......>.##......
.......## ...... )......
..... ....... .#...
..#.... #..# # #.... ..
##...


You could see an ogre and an orc.

Vanquished Creatures
  Menkaure (D:4)
  A water moccasin (D:5)
  A phantom (D:5)
  A bullfrog (D:4)
  2 scorpions (D:5)
  A jelly (D:4)
  2 iguanas (D:4)
  An orc wizard (D:4)
  Robin (D:3)
  6 adders
  7 gnolls
  2 ufetubi (D:5)
  3 worms
  A dart slug (D:4)
  3 orcs (D:4)
  4 endoplasms
  6 giant cockroaches
  17 goblins
  10 hobgoblins
  5 jackals
  2 quokkas
  8 ball pythons
  9 bats
  4 frilled lizards
  3 kobolds
  A rat (D:1)
102 creatures vanquished.

Vanquished Creatures (collateral kills)
  A foxfire (D:2)
1 creature vanquished.

Vanquished Creatures (others)
  283 foxfires
  8 fungi (D:2)
291 creatures vanquished.

Grand Total: 394 creatures vanquished

Notes
Turn   | Place    | Note
-------+----------+-------------------------------------------
     0 | D:1      | kae the Tengu Fire Elementalist began the quest for the
                  | Orb.
     0 | D:1      | Reached XP level 1. HP: 10/10 MP: 4/4
   173 | D:1      | Reached XP level 2. HP: 1/15 MP: 3/6
   948 | D:2      | Learned a level 2 spell: Scorch
  1086 | D:2      | Reached XP level 3. HP: 10/20 MP: 2/7
  1109 | D:2      | Reached skill level 1 in Armour
  1323 | D:2      | Learned a level 3 spell: Conjure Flame
  1450 | D:2      | Found a faded altar of an unknown god.
  1541 | D:2      | HP: 1/20 [jackal (3)]
  1961 | D:2      | Reached skill level 1 in Fighting
  2544 | D:2      | Reached XP level 4. HP: 25/25 MP: 6/8
  3140 | D:3      | Noticed Robin
  3354 | D:3      | Killed Robin
  3435 | D:3      | Found an iron altar of Okawaru.
  3475 | D:3      | Noticed Grinder
  3649 | D:3      | Reached skill level 1 in Staves
  4194 | D:4      | Noticed Menkaure
  4201 | D:4      | Killed Menkaure
  4202 | D:4      | Reached skill level 1 in Evocations
  4202 | D:4      | Gained mutation: Your magical nature lets you fly swiftly
                  | and evasively. [Tengu growth]
  4202 | D:4      | Reached XP level 5. HP: 10/30 MP: 5/10
  4202 | D:4      | Reached XP level 6. HP: 12/35 MP: 5/11
  4881 | D:4      | Found a basalt altar of Yredelemnul.
  5935 | D:4      | Found a shadowy altar of Dithmenos.
  5964 | D:4      | Reached XP level 7. HP: 39/40 MP: 6/12
  6091 | D:5      | Entered Level 5 of the Dungeon
  6158 | D:5      | Noticed Blork the orc
  7145 | D:5      | Slain by an ogre

Illustrated notes

Levels and vault maps discovered:
D:1:      lightli_arrival_boilingwater, layout_rooms
D:2:      layout_rooms, hellmonk_ecumenical_altar_inner_sanctum,
          dreamdust_mushroom_princess
D:3:      layout_basic, okawaru_gym_becter, nrook_loot_triangle, uniq_robin,
          uniq_grinder
D:4:      layout_rooms, nicolae_overflow_crystal_walls,
          grunt_dithmenos_smoke_and_mirrors, uniq_menkaure
D:5:      cheibrodos_barr_body, layout_cave_pools, cheibrodos_sewer_entry_bend,
          uniq_blork_the_orc

Skill      XL: |  1  2  3  4  5  6  7 |
---------------+----------------------+-----
Armour         | 1 2 3 |  3.2
Conjurations   | 2 3 4 |  4.2
Fighting       | 1 2 |  2.9
Staves         | 1 2 |  2.7
Dodging        | 3 |  3.9
Evocations     | 1 2 |  2.5
Fire Magic     | 4 |  4.6
Spellcasting   | 3 |  3.4
Stealth        | |  2.0

Action                   |  1- 3 |  4- 6 |  7- 9 || total
-------------------------+-------+-------+-------++-------
Melee: Unarmed           |     1 |       |       ||     1
       Staff             |    35 |     6 |       ||    41
       Peck              |     4 |       |       ||     4
       Dagger            |     2 |       |       ||     2
       Kick              |     6 |     1 |       ||     7
 Cast: Foxfire           |    39 |    87 |    43 ||   169
       Scorch            |    14 |    17 |    16 ||    47
  Use: Potion            |     3 |       |       ||     3
       Scroll            |       |       |    11 ||    11
 Stab: Sleeping          |     2 |       |       ||     2
Armor: Robe              |    16 |     4 |     2 ||    22
Dodge: Dodged            |    56 |    24 |    30 ||   110

Table legend: (Time is in decaauts)
 A = Elapsed time spent in this place.
 B = Non-inter-level travel time spent in this place.
 C = Inter-level travel time spent in this place.
 D = Time resting spent in this place.
 E = Time spent auto-exploring this place.
 F = Levels seen in this place.
 G = Mean time per level.
                   A        B        C        D        E       F      G
               +--------+--------+--------+--------+--------+-----+--------+
         Total |   7113 |   6967 |    146 |   1379 |   4649 |   5 | 1422.6 |
       Dungeon |   7113 |   6967 |    146 |   1379 |   4649 |   5 | 1422.6 |
               +--------+--------+--------+--------+--------+-----+--------+

Top non-repeatable levels by time:
     D:4: 1876 daAuts
     D:3: 1720 daAuts
     D:2: 1677 daAuts
     D:1: 1188 daAuts
     D:5: 651 daAuts
